Map: Pendiente de Agustín EE

Players

OperadorX

  • Race: Terran Terran
  • League: Bronze
  • Spawn Location: 6:00

Hayabusa

  • Race: Protoss Protoss
  • Spawn Location: 6:00

Cuachic

  • Race: Terran Terran
  • Spawn Location: 5:00

MrFercho

  • Race: Zerg Zerg
  • League: Silver
  • Spawn Location: 12:00

TATORREA

  • Race: Protoss Protoss
  • League: Silver
  • Spawn Location: 12:00

tigro

  • Race: Terran Terran
  • League: Bronze
  • Spawn Location: 11:00

VOD

Have the link to the VOD?

Description

Time

  • Played on: June 15, 2020, 12:12 a.m.
  • Length: 20:34
Show
View Real Time Build Order
Export as new Build Order

OperadorX Terran 

Build Orders: 1/1/1 

Get SALT Encoding   

  12  0:15  Supply Depot  
  12  0:21  SCV  
  12  0:27  Refinery  
  13  0:34  SCV  
  14  0:41  Barracks  
  14  0:46  SCV  
  15  0:59  SCV  
  16  1:04  Refinery  
  16  1:11  SCV  
  17  1:23  SCV  
  18  1:35  Factory, SCV  
  19  1:46  Reaper  
  20  1:47  SCV  
  21  1:59  SCV  
  22  2:17  Marine  
  23  2:24  Factory Tech Lab  
  23  2:27  Starport  
  23  2:34  Supply Depot  
  23  2:58  Siege Tank  
  23  3:04  Command Center  
  26  3:09  Starport Tech Lab  
  26  3:13  Fusion Core  
  26  3:28  Marine  
  27  3:35  SCV  
  28  3:45  Supply Depot  
  28  3:46  Marine  
  28  3:47  SCV  
  30  3:59  SCV  
  30  4:02  Supply Depot  
  31  4:51  Refinery  
  31  4:53  Orbital Command  
  31  5:07  Starport  
  31  5:08  Banshee  
  31  5:13  Cloaking Field  
  34  5:24  Supply Depot  
  34  5:51  Banshee  
  37  5:57  Starport Tech Lab  
  37  6:04  Armory  
  37  6:07  Supply Depot  
  37  6:13  SCV  
  38  6:25  SCV  
  38  6:31  Supply Depot  
  39  6:34  Banshee  
  39  6:37  Orbital Command  
  39  6:38  SCV  
  43  6:50  SCV  
  44  6:57  Banshee  
  47  7:02  SCV  
  48  7:17  Banshee  
  51  7:29  Bunker  
  51  7:31  Siege Tank  
  50  7:38  Supply Depot  
  50  7:40  Banshee  
  50  7:41  Terran Ship Weapons Level 1  
  47  7:59  Banshee  
  47  8:00  Supply Depot  
  47  8:01  SCV  
  51  8:07  Refinery  
  51  8:13  SCV  
  51  8:19  SCV  
  53  8:23  Banshee  
  53  8:25  SCV  
  54  8:31  SCV  
  52  8:37  SCV  
  53  8:42  Banshee  
  53  8:43  SCV  
  57  8:49  SCV  
  58  8:55  SCV  
  58  9:01  Siege Tank  
  62  9:06  Banshee  
  62  9:08  SCV  
  66  9:10  Supply Depot  
  66  9:25  Banshee  
  69  9:33  Supply Depot, Siege Tank  
  72  9:49  Banshee  
  75  10:05  Siege Tank  
  75  10:52  Supply Depot  
  75  11:13  Command Center  
  75  11:15  Supply Depot  
  75  11:19  Hellion  
  75  11:23  Marine  
  78  11:34  Battlecruiser  
  78  11:39  Raven  
  86  11:41  Hellion, Marine  
  86  11:44  Hyperflight Rotors  
  89  11:50  Infernal Pre-Igniter  
  89  11:59  Marine  
  90  12:02  Hellion  
  92  12:17  Marine  
  92  12:21  Raven  
  95  12:23  Hellion  
  97  12:34  Marine  
  98  12:38  Battlecruiser  
  104  12:45  Hellion  
  106  13:05  Battlecruiser  
  112  13:18  Siege Tank  
  115  13:20  Marine  
  116  13:33  Refinery  
  116  13:36  Orbital Command  
  116  13:37  Marine  
  117  13:42  Banshee  
  117  13:43  Supply Depot  
  120  13:50  Siege Tank  
  123  13:55  Marine  
  123  14:00  Refinery  
  124  14:06  Engineering Bay  
  124  14:13  Marine  
  125  14:22  Siege Tank  
  128  14:31  Marine  
  117  14:54  Siege Tank  
  99  15:26  Siege Tank  
  99  15:28  Banshee x2  
  108  15:34  Barracks Reactor  
  108  15:36  Terran Infantry Weapons Level 1  
  108  16:10  Banshee  
  108  16:11  Banshee  
  73  16:47  Siege Tank  
  73  16:51  Marine x2  
  73  16:53  Banshee x2  
  84  17:09  Marine  
  85  17:19  Siege Tank  
  88  17:30  Terran Infantry Armor Level 1  
  88  17:36  Banshee x2  
  94  17:52  Siege Tank  
  97  17:58  Supply Depot  
  97  18:19  Banshee x2  
  103  18:24  Siege Tank  
  106  18:56  Siege Tank  
  106  19:02  Banshee x2  
  115  19:45  Banshee x2  
Show
View Real Time Build Order
Export as new Build Order

Hayabusa Protoss 

Build Orders: Carriers 

Get SALT Encoding   

  1  0:00  Probe  
  13  0:10  Probe  
  13  0:20  Pylon  
  14  0:23  Probe  
  15  0:42  Probe  
  16  0:50  Forge  
  16  0:54  Probe  
  17  1:06  Probe  
  17  1:08  Assimilator  
  18  1:13  Gateway  
  19  1:18  Probe  
  19  1:30  Probe  
  20  1:39  Pylon  
  20  1:42  Pylon  
  20  1:53  Probe  
  21  2:01  Photon Cannon  
  21  2:06  Photon Cannon  
  21  2:11  Photon Cannon  
  21  2:16  Photon Cannon  
  21  2:17  Photon Cannon  
  21  2:21  Photon Cannon  
  21  2:40  Photon Cannon  
  21  2:48  Photon Cannon  
  21  2:51  Pylon  
  21  3:04  Pylon  
  21  3:07  Pylon  
  21  3:23  Photon Cannon  
  21  3:26  Photon Cannon  
  21  3:32  Photon Cannon  
  21  3:42  Pylon  
  21  3:50  Photon Cannon  
  21  4:08  Photon Cannon  
  21  4:17  Photon Cannon  
  21  4:19  Photon Cannon  
  21  4:26  Photon Cannon  
  21  4:48  Pylon  
  20  5:08  Probe  
  20  5:13  Nexus  
  21  5:16  Probe  
  21  5:21  Pylon  
  22  5:26  Probe  
  23  5:38  Probe  
  23  5:40  Photon Cannon  
  24  5:44  Pylon  
  24  5:47  Pylon  
  24  5:49  Pylon  
  24  5:57  Assimilator, Pylon  
  24  6:04  Pylon  
  24  6:20  Probe  
  24  6:24  Probe  
  25  6:29  Probe  
  25  6:32  Probe  
  26  6:38  Probe, Cybernetics Core  
  28  6:41  Probe  
  28  6:43  Pylon  
  30  6:50  Probe  
  30  6:54  Probe  
  32  6:55  Pylon  
  32  7:02  Probe  
  32  7:06  Probe  
  34  7:14  Probe  
  35  7:18  Probe  
  35  7:21  Robotics Facility  
  36  7:26  Probe  
  36  7:29  Gateway  
  37  7:30  Probe  
  37  7:34  Gateway  
  38  7:39  Probe  
  38  7:42  Probe  
  40  7:45  Gateway  
  40  7:49  Gateway  
  40  7:51  Probe  
  41  7:53  Gateway  
  41  7:56  Warp Gate  
  41  7:59  Gateway  
  41  8:03  Gateway  
  41  8:08  Gateway  
  41  8:14  Assimilator  
  41  8:19  Assimilator  
  41  8:36  Observer  
  41  8:37  Pylon  
  42  8:41  Pylon  
  42  8:46  Pylon  
  42  8:56  Nexus  
  42  8:57  Observer  
  43  9:12  Stargate  
  43  9:17  Cybernetics Core  
  43  9:19  Observer  
  43  9:21  Forge, Protoss Shields Level 1  
  44  9:29  Robotics Bay  
  44  9:33  Pylon  
  44  9:35  Pylon  
  44  9:36  Pylon  
  44  9:40  Observer  
  45  10:02  Observer  
  45  10:04  Assimilator  
  46  10:09  Pylon  
  46  10:13  Stalker x2  
  46  10:14  Stalker x3  
  52  10:15  Stalker  
  52  10:16  Stalker x2  
  52  10:17  Stalker, Probe  
  65  10:23  Observer  
  65  10:25  Probe  
  66  10:35  Probe  
  68  10:49  Stalker  
  70  10:50  Stalker x2  
  70  10:52  Stalker  
  76  10:58  Protoss Air Weapons Level 1  
  76  10:59  Protoss Air Armor Level 1  
  76  11:10  Stalker, Probe  
  78  11:11  Twilight Council  
  79  11:18  Probe  
  80  11:26  Protoss Ground Armor Level 1  
  80  11:27  Probe  
  81  11:36  Fleet Beacon  
  81  11:39  Probe  
  82  11:51  Stalker, Probe  
  82  11:52  Stalker  
  82  11:53  Stalker x2  
  91  11:54  Stalker  
  93  12:03  Probe  
  95  12:15  Probe  
  95  12:18  Gravitic Boosters  
  94  12:27  Probe  
  94  12:29  Stargate  
  94  12:33  Stargate  
  94  12:39  Blink  
  94  12:44  Stargate  
  78  12:46  Stargate  
  53  13:15  Gravitic Drive  
  46  13:26  Nexus  
  41  13:34  Protoss Ground Weapons Level 1  
  41  13:36  Nexus  
  41  13:38  Carrier  
  41  13:39  Carrier  
  52  13:44  Probe  
  53  13:56  Probe  
  54  14:08  Probe  
  55  14:12  Extended Thermal Lance  
  55  14:19  Assimilator  
  55  14:20  Probe  
  56  14:30  Pylon  
  56  14:33  Probe  
  57  14:45  Probe  
  58  14:47  Probe  
  58  14:50  Nexus  
  59  14:57  Probe  
  59  14:59  Probe  
  61  15:07  Probe  
  61  15:09  Probe  
  61  15:11  Probe  
  64  15:16  Carrier  
  64  15:19  Probe  
  72  15:21  Probe x2  
  72  15:23  Carrier  
  79  15:29  Probe  
  79  15:31  Probe  
  79  15:32  Assimilator  
  81  15:38  Probe  
  83  15:43  Probe, Observer  
  84  15:50  Probe  
  84  15:51  Probe  
  86  15:59  Assimilator, Probe  
  86  16:01  Pylon  
  86  16:02  Probe  
  89  16:04  Observer  
  89  16:10  Probe  
  90  16:22  Probe  
  92  16:25  Observer  
  89  16:47  Observer  
  89  16:50  Carrier x4  
  119  17:44  Carrier  
  119  17:45  Probe  
  120  17:53  Probe  
  120  17:54  Carrier  
  120  17:56  Assimilator, Probe  
  127  17:58  Assimilator  
  127  18:03  Probe  
  127  18:04  Probe  
  130  18:14  Probe  
  130  18:15  Probe  
  132  18:25  Nexus  
  132  18:26  Probe  
  133  18:32  Carrier x2  
  145  18:38  Probe  
  146  18:48  Probe  
  146  18:53  Pylon  
  146  18:54  Pylon  
  147  18:56  Probe  
  147  19:00  Probe  
  149  19:04  Assimilator  
  149  19:08  Probe  
  150  19:12  Probe  
  150  19:13  Assimilator  
  151  19:18  Assimilator  
  151  19:20  Probe  
  152  19:32  Probe  
  153  19:42  Probe  
  153  19:44  Probe  
  155  19:50  Probe  
  168  20:00  Probe  
  169  20:12  Probe  
Show
View Real Time Build Order
Export as new Build Order

Cuachic Terran 

Build Orders:  

Get SALT Encoding   

  12  0:01  SCV  
  13  0:14  SCV  
  14  0:18  Supply Depot  
  14  0:26  SCV  
  15  0:40  SCV  
  16  0:42  Barracks  
  16  0:49  Refinery  
  16  0:52  SCV  
  17  1:04  SCV  
  18  1:16  SCV  
  19  1:28  SCV  
  20  1:38  Command Center  
  20  1:42  Barracks Reactor  
  20  1:43  Orbital Command  
  20  1:54  Refinery  
  20  2:00  Supply Depot  
  20  2:09  SCV  
  21  2:21  SCV  
  22  2:32  Factory  
  22  2:33  SCV  
  23  2:45  SCV  
  23  2:50  Reaper  
  25  2:55  Orbital Command  
  25  2:58  Refinery, SCV  
  26  3:10  SCV  
  27  3:18  Starport  
  27  3:19  Factory Tech Lab  
  27  3:23  Marine x2, SCV  
  30  3:31  SCV  
  31  3:35  SCV  
  31  3:39  Refinery  
  31  3:40  Marine  
  31  3:41  Marine  
  34  3:44  SCV  
  34  3:47  SCV  
  36  3:51  Siege Tank  
  39  3:56  SCV  
  39  3:58  Marine x2  
  42  4:08  SCV  
  43  4:16  Marine x2  
  45  4:24  SCV  
  45  4:27  Starport Tech Lab  
  46  4:39  Supply Depot  
  46  5:00  Medivac, Marine  
  46  5:01  Siege Tank, SCV x2  
  46  5:02  Supply Depot  
  54  5:22  Marine  
  54  5:23  SCV x2  
  57  5:30  Medivac  
  57  5:35  SCV x2  
  61  5:47  SCV  
  62  5:51  Starport  
  62  5:54  Supply Depot  
  62  5:58  SCV  
  62  5:59  SCV  
  64  6:05  Supply Depot  
  64  6:10  SCV  
  65  6:11  SCV  
  65  6:18  Fusion Core  
  66  6:22  SCV  
  66  6:23  SCV  
  68  6:29  Supply Depot  
  68  6:53  Supply Depot  
  65  7:22  Command Center  
  64  7:26  Starport Tech Lab  
  64  7:31  Starport  
  64  7:36  Starport  
  64  7:52  Weapon Refit  
  64  8:07  Starport  
  64  8:10  SCV  
  65  8:15  Starport Tech Lab  
  65  8:23  Starport Tech Lab  
  65  8:44  SCV  
  66  8:50  Refinery  
  66  8:53  Starport Reactor  
  66  8:56  Battlecruiser x4, SCV  
  91  9:14  Refinery  
  80  9:41  SCV  
  77  9:53  SCV  
  78  10:02  Battlecruiser  
  78  10:03  Battlecruiser x3  
  102  10:18  Starport  
  102  10:21  Starport Tech Lab  
  102  10:33  Factory Tech Lab  
  102  10:55  Starport  
  102  11:11  Supply Depot  
  102  11:19  Supply Depot  
  102  11:20  Supply Depot  
  102  11:33  Starport Tech Lab  
  102  11:35  Supply Depot  
  102  11:42  Supply Depot  
  102  11:44  Supply Depot  
  102  11:53  Battlecruiser x3  
  102  11:54  Battlecruiser x3  
  138  11:58  Supply Depot  
  138  12:07  Armory  
  138  12:21  Supply Depot  
  138  12:35  Battlecruiser  
  144  12:57  Battlecruiser x2  
  132  14:29  Battlecruiser x2  
  132  14:30  Battlecruiser x4  
  168  14:49  Command Center  
  168  15:49  Battlecruiser x2  
  180  16:01  Battlecruiser x2  
  192  16:10  Refinery  
  173  16:35  Refinery  
  156  17:56  Command Center  
  156  19:07  Battlecruiser  
  156  19:08  Battlecruiser x2  
  174  19:13  SCV  
  175  19:25  SCV  
  176  19:38  SCV  
  177  19:43  SCV  
  178  19:50  Refinery, SCV  
  179  19:55  SCV  
  180  20:14  Refinery  
  180  20:20  SCV x2  
Show
View Real Time Build Order
Export as new Build Order

MrFercho Zerg 

Build Orders: Hatch First 

Get SALT Encoding   

  12  0:01  Drone  
  13  0:20  Drone  
  14  0:39  Hatchery  
  14  0:42  Drone  
  14  0:46  Overlord  
  14  0:53  Extractor  
  14  0:54  Extractor  
  13  0:57  Drone  
  13  0:59  Drone  
  16  1:08  Drone  
  17  1:14  Drone  
  18  1:25  Spawning Pool, Drone  
  18  1:36  Drone  
  18  1:39  Extractor  
  18  1:46  Drone  
  19  1:51  Drone  
  20  2:01  Drone  
  21  2:03  Drone  
  22  2:17  Zergling x4  
  24  2:28  Drone x2  
  24  2:29  Drone  
  27  2:45  Overlord  
  27  2:46  Overlord x2  
  27  2:56  Queen, Roach Warren  
  28  3:03  Queen  
  30  3:17  Drone x5  
  35  3:21  Drone  
  35  3:24  Extractor  
  35  3:27  Extractor  
  34  3:37  Lair  
  34  3:48  Drone x4  
  38  3:49  Drone  
  38  3:50  Drone  
  40  4:04  Drone x2  
  42  4:11  Spine Crawler  
  41  4:17  Spine Crawler  
  41  4:19  Spine Crawler  
  41  4:20  Hatchery  
  36  4:26  Spine Crawler  
  36  4:27  Evolution Chamber  
  36  4:29  Drone x5  
  36  4:30  Drone  
  40  4:40  Drone x2  
  42  4:49  Extractor  
  42  4:50  Drone x2  
  43  5:04  Drone x2  
  43  5:05  Drone x2  
  47  5:11  Drone x3  
  47  5:13  Drone  
  51  5:17  Zerg Missile Weapons Level 1  
  51  5:22  Overlord  
  51  5:23  Overlord x3  
  51  5:43  Evolution Chamber  
  51  5:48  Drone  
  51  5:51  Drone  
  51  5:52  Drone  
  51  5:53  Drone  
  54  6:01  Spine Crawler x2  
  54  6:03  Drone x7, Spore Crawler  
  58  6:18  Hydralisk Den  
  57  6:29  Spine Crawler  
  56  6:37  Drone x4  
  56  6:38  Drone x5  
  65  6:41  Queen  
  67  6:50  Roach x3  
  73  7:13  Spine Crawler  
  73  7:15  Spine Crawler  
  70  7:17  Roach x7  
  70  7:18  Spine Crawler  
  83  7:41  Overlord x4  
  83  7:52  Extractor  
  83  7:53  Extractor  
  81  8:03  Hydralisk  
  81  8:04  Hydralisk x9  
  101  8:13  Drone  
  101  8:16  Grooved Spines  
  102  8:23  Drone x7  
  109  8:48  Overlord x2  
  109  8:49  Overlord x3  
  109  8:52  Hydralisk x4  
  117  9:13  Hydralisk x4  
  117  9:15  Hatchery  
  124  9:26  Zerg Missile Weapons Level 2  
  124  9:27  Zerg Ground Armor Level 1  
  124  9:28  Muscular Augments  
  120  9:47  Drone x9  
  129  10:09  Overseer  
  129  10:10  Overseer x4  
  129  10:29  Infestation Pit  
  127  10:58  Hydralisk  
  127  10:59  Hydralisk x8  
  145  11:34  Pneumatized Carapace  
  145  11:36  Extractor  
  145  11:38  Extractor, Hive  
  143  12:03  Drone x5  
  143  12:04  Drone x5  
  143  12:05  Drone x4  
  157  12:42  Hydralisk x3  
  159  12:47  Overlord x9  
  133  13:21  Extractor  
  133  13:24  Extractor  
  131  13:27  Hatchery  
  130  13:40  Spawning Pool  
  122  13:43  Hydralisk Den  
  122  13:44  Spire  
  97  14:23  Overlord x3  
  97  14:54  Hatchery  
  97  14:55  Hatchery  
  97  14:59  Hatchery  
  94  15:01  Overlord x3  
  94  15:02  Hatchery  
  93  15:21  Drone x7  
  100  15:26  Drone  
  100  15:27  Queen  
  103  15:50  Drone  
  103  15:51  Drone x5  
  101  16:11  Lair  
  97  16:25  Hydralisk x6  
  95  16:26  Hydralisk x7  
  117  16:52  Drone  
  117  16:53  Drone x14  
  132  16:58  Hatchery  
  107  17:17  Drone  
  107  17:18  Drone x12  
  98  17:41  Hydralisk x15  
  120  17:47  Queen  
  120  18:38  Hydralisk  
  120  18:39  Hydralisk x20  
  160  19:07  Hydralisk  
  160  19:08  Overlord x2  
  160  19:09  Overlord x4  
  162  19:32  Hydralisk x18  
Show
View Real Time Build Order
Export as new Build Order

TATORREA Protoss 

Build Orders:  

Get SALT Encoding   

  12  0:01  Probe  
  13  0:17  Pylon  
  13  0:19  Probe  
  14  0:30  Probe  
  15  0:37  Gateway  
  15  0:38  Probe  
  15  0:47  Probe  
  16  0:53  Assimilator  
  16  0:57  Probe  
  18  1:05  Probe  
  19  1:13  Probe  
  19  1:16  Assimilator  
  20  1:18  Pylon  
  20  1:24  Probe  
  21  1:36  Probe  
  22  1:48  Probe  
  23  2:00  Nexus  
  23  2:01  Probe  
  23  2:03  Pylon  
  24  2:14  Probe  
  25  2:26  Probe  
  26  2:38  Probe  
  26  2:41  Cybernetics Core  
  26  2:43  Gateway  
  27  2:44  Gateway  
  27  2:47  Probe  
  28  2:55  Probe  
  28  3:04  Probe  
  30  3:13  Probe  
  30  3:16  Probe  
  30  3:17  Warp Gate  
  30  3:18  Stalker  
  34  3:35  Probe  
  34  3:36  Probe  
  34  3:40  Nexus  
  34  3:41  Pylon  
  36  3:47  Probe  
  36  3:48  Probe  
  37  4:10  Probe x2  
  37  4:14  Stalker x3  
  45  4:22  Probe x2  
  47  4:34  Probe x2  
  49  4:39  Robotics Facility  
  48  4:46  Probe  
  48  4:55  Probe  
  48  4:58  Probe  
  50  5:01  Assimilator  
  50  5:03  Assimilator  
  50  5:08  Probe  
  50  5:10  Probe  
  50  5:14  Nexus  
  52  5:19  Pylon  
  52  5:20  Probe  
  53  5:22  Probe  
  54  5:37  Probe x2  
  54  5:40  Pylon  
  56  5:44  Pylon  
  56  5:48  Pylon  
  56  5:49  Probe  
  57  5:50  Pylon, Probe  
  57  5:54  Pylon  
  58  6:01  Probe  
  58  6:02  Probe  
  58  6:04  Immortal, Pylon  
  64  6:13  Probe  
  64  6:14  Probe  
  66  6:25  Probe  
  66  6:26  Probe  
  68  6:35  Probe  
  68  6:37  Probe  
  68  6:38  Probe  
  71  6:44  Assimilator  
  71  6:46  Stalker, Assimilator  
  71  6:47  Stalker x2  
  74  6:48  Probe  
  74  6:50  Immortal, Probe x2  
  72  7:14  Stalker x3  
  74  7:17  Probe  
  74  7:18  Probe x2  
  71  7:29  Immortal, Probe  
  76  7:30  Probe x2  
  77  7:42  Probe x3, Nexus  
  76  7:45  Pylon  
  76  7:57  Probe x3  
  79  8:09  Probe x3  
  82  8:18  Stalker  
  82  8:19  Stalker x2  
  87  8:21  Immortal, Probe x3  
  94  8:33  Probe x2  
  94  8:34  Probe  
  97  8:39  Pylon  
  97  8:44  Pylon  
  97  8:45  Probe x2  
  97  8:46  Probe  
  97  8:47  Pylon  
  100  8:53  Gateway  
  100  8:55  Gateway  
  100  9:00  Gateway  
  100  9:08  Gateway  
  100  9:12  Gateway  
  98  9:23  Probe x3  
  93  9:24  Gateway  
  93  9:28  Stalker x3, Gateway  
  93  9:31  Gateway  
  92  9:35  Probe x3  
  89  9:42  Gateway  
  89  9:44  Gateway  
  89  9:47  Probe x3  
  89  9:48  Gateway  
  92  9:59  Probe x3  
  95  10:07  Observer  
  96  10:20  Stalker x3  
  96  10:21  Stalker x4  
  103  10:22  Stalker x2  
  103  10:23  Probe x2  
  103  10:24  Probe  
  107  10:35  Probe  
  107  10:36  Probe  
  109  10:44  Stalker x2  
  109  10:45  Probe  
  109  10:48  Probe x2  
  116  10:58  Probe  
  116  11:00  Probe  
  118  11:11  Probe x2  
  120  11:12  Probe  
  121  11:20  Stalker x4  
  121  11:21  Stalker x3  
  121  11:22  Stalker x4  
  121  11:23  Probe x2  
  121  11:24  Probe  
  146  11:26  Immortal  
  150  11:35  Probe x2  
  150  11:36  Probe  
  153  11:40  Assimilator  
  153  11:44  Assimilator  
  153  11:45  Pylon  
  153  11:53  Probe x3  
  156  11:56  Stalker x2  
  156  11:57  Stalker x2  
  164  12:05  Probe x3  
  167  12:08  Nexus  
  167  12:10  Pylon  
  167  12:13  Pylon  
  167  12:14  Pylon  
  167  12:18  Immortal  
  171  12:28  Forge  
  171  12:30  Forge  
  171  12:32  Pylon  
  171  12:33  Forge  
  171  12:37  Stargate  
  171  12:38  Pylon  
  171  12:40  Stargate  
  171  12:53  Probe x3  
  171  12:57  Observer  
  175  13:05  Probe x3  
  173  13:06  Stalker  
  173  13:07  Stalker x3  
  173  13:08  Stalker x4  
  173  13:09  Stalker x3  
  196  13:20  Probe x3  
  199  13:32  Probe  
  195  14:19  Assimilator  
  173  14:28  Probe x3  
  167  14:40  Probe x3  
  167  14:41  Pylon  
  158  14:49  Pylon  
  158  14:52  Probe x3  
  150  14:53  Pylon  
  143  15:01  Pylon  
  143  15:04  Probe x2  
  143  15:05  Probe  
  146  15:14  Stalker  
  146  15:15  Stalker x5  
  146  15:16  Stalker x4, Probe x2  
  146  15:17  Probe  
  167  15:29  Void Ray x2  
  167  15:34  Immortal  
  178  15:46  Stalker x2  
  178  15:47  Stalker x5  
  178  15:48  Stalker x3  
  138  16:27  Stalker x4  
  138  16:28  Stalker x4  
  138  16:29  Stalker x2  
  108  17:07  Stalker x2  
  108  17:08  Stalker x2  
  49  18:31  Nexus  
  49  18:32  Pylon  
  49  18:37  Pylon, Cybernetics Core  
  20  18:43  Gateway  
  20  18:44  Gateway  
  7  19:07  Pylon, Nexus  
  7  19:08  Nexus  
  7  19:16  Robotics Facility  
  5  19:17  Pylon  
  3  20:05  Pylon  
  3  20:08  Pylon  
  3  20:15  Pylon  
  3  20:19  Pylon  
  3  20:27  Nexus  
  3  20:30  Pylon  
  3  20:33  Pylon  
Show
View Real Time Build Order
Export as new Build Order

tigro Terran 

Build Orders:  

Get SALT Encoding   

  12  0:03  SCV  
  13  0:15  SCV  
  14  0:23  Supply Depot  
  14  0:27  SCV  
  15  0:35  Refinery  
  15  0:45  SCV  
  16  0:52  Barracks  
  16  0:57  SCV  
  16  1:03  Refinery  
  17  1:09  SCV  
  18  1:15  Supply Depot  
  18  1:29  SCV  
  19  1:40  Marine  
  19  1:41  SCV  
  21  1:56  Barracks  
  21  1:58  Marine  
  22  2:15  Marine  
  23  2:33  Marine  
  22  2:49  Barracks Reactor  
  18  2:51  Marine  
  13  3:09  Marine  
  15  3:34  Refinery  
  15  3:38  Barracks Tech Lab  
  14  3:41  Marine  
  14  3:42  Marine  
  15  3:59  Marine x2  
  4  4:17  Marine x2  
  3  4:35  Marine  
  2  4:47  SCV  
  3  4:59  SCV  
  2  5:10  Barracks  
  2  5:11  SCV  
  3  5:23  SCV  
  3  5:24  Supply Depot  
  4  5:35  SCV  
  5  5:44  Engineering Bay  
Tags
 
Add a new tag
Caveats
  • Supply blocks, unpowered buildings, or Contaminate may cause inaccurate times.
  • Supply counts are checked every 10 seconds.